 Dungeon Crawl Stone Soup version 0.17-a0-1663-gb806841 (webtiles) character file.

473 matakusis the Magician (level 6, -3/32 HPs)
             Began as a High Elf Wizard on Aug 16, 2015.
             Slain by Anouleth's ghost (6 damage)
             ... on level 5 of the Dungeon.
             The game lasted 00:27:13 (4956 turns).

matakusis the Magician (High Elf Wizard)            Turns: 4956, Time: 00:27:14

Health: -3/32      AC:  2    Str: 11    XL:     6   Next: 84%
Magic:  2/16       EV: 18    Int: 24    God:
Gold:   383        SH:  0    Dex: 21    Spells: 4 memorised, 9 levels left

rFire  . . .     SeeInvis .     m - +1 dagger
rCold  . . .     Rnd*Rage +     A - +0 robe
rNeg   + . .     SustAt   .     (no shield)
rPois  +         Gourm    .     b - +0 hat
rElec  .         Spirit   .     (no cloak)
rCorr  .         Warding  +     (no gloves)
rMut   .         Stasis   .     (no boots)
MR     .....                    p - amulet of warding
Stlth  ++++......               (no ring)
                                (no ring)

@: mighty, agile, very slightly contaminated, hasted, very quick, not resistant
to hostile enchantments, stealthy
A: agile 1, berserk 1, frail 1, mutation resistance 1, poison resistance
a: no special abilities


You were on level 5 of the Dungeon.
You were hungry.

You visited 1 branch of the dungeon, and saw 5 of its levels.

You collected 383 gold pieces.

Inventory:

Hand weapons
 m - a +1 dagger (weapon)
Armour
 a - a +0 robe
 b - a +0 hat (worn)
 A - a +0 robe (worn)
Jewellery
 p - an amulet of warding (around neck)
Magical devices
 y - a wand of polymorph (24)
 C - a wand of magic darts (21)
Scrolls
 f - 3 scrolls of identify
 g - 3 scrolls of recharging
 n - a scroll of fog
 o - 2 scrolls of fear
 s - 3 scrolls of enchant weapon
 t - 2 scrolls of amnesia
Potions
 e - a potion of haste
 h - a potion of agility
 k - 2 potions of flight
 l - a potion of magic
 r - a potion of cancellation
 v - 2 potions of might
Books
 c - a book of Minor Magic

   Spells                             Type                      Level
   a - Magic Dart                     Conjuration                  1
   b - Blink                          Translocation                2
   c - Call Imp                       Summoning                    2
   d - Repel Missiles                 Charms/Air                   2
   e - Slow                           Hexes                        2
   f - Conjure Flame                  Conjuration/Fire             3
   g - Mephitic Cloud                 Conjuration/Poison/Air       3
Miscellaneous
 j - a plain deck of defence {the Blade}
Comestibles
 d - 3 bread rations
 i - 2 fruits
 B - a beef jerky


   Skills:
 + Level 0.5 Short Blades
 - Level 2.2 Dodging
 + Level 3.4 Stealth
 + Level 6.3 Spellcasting
 + Level 1.9 Conjurations
 * Level 4.0 Summonings
 - Level 1.1 Translocations


You had 9 spell levels left.
You knew the following spells:

 Your Spells              Type           Power        Failure   Level  Hunger
a - Magic Dart            Conj           ###.         3%          1    None
b - Blink                 Tloc           N/A          10%         2    None
c - Call Imp              Summ           ####....     1%          2    None
d - Mephitic Cloud        Conj/Pois/Air  ##......     21%         3    None


Dungeon Overview and Level Annotations

Branches:
Dungeon (5/15)
 Temple: D:4-7

Altars:
Ashenzari
Kikubaaqudgha
Nemelex Xobeh
Ru

Annotations:
D:4 Anouleth's ghost, average MiFi
D:5 Anouleth's ghost, average MiFi


Innate Abilities, Weirdness & Mutations

You are agile. (Dex +2)
You tend to lose your temper in combat.
You are frail (-10% HP).
You are somewhat resistant to further mutation.
Your system is resistant to poisons.


Message History

You swap places.
Anouleth's ghost hits your crimson imp.
Your crimson imp hits Anouleth's ghost but does no damage.
Anouleth's ghost closely misses your crimson imp.
Your crimson imp hits Anouleth's ghost but does no damage.
Anouleth's ghost hits your crimson imp!
Your crimson imp disappears in a puff of smoke!
Your crimson imp hits Anouleth's ghost but does no damage.
Anouleth's ghost hits your crimson imp!
Your crimson imp dies!
Anouleth's ghost whispers, "There is no future for you."
Casting: Call Imp
Confirm with . or Enter, or press ? or * to list all spells.
A shadowy apparition takes form in the air.
You hear the quick hiss of a very distant avalanche of sand.
Anouleth's ghost says, "What do you have that I didn't have?"
Your shadow imp closely misses Anouleth's ghost.
You hit Anouleth's ghost but do no damage.
Anouleth's ghost is almost destroyed.
Anouleth's ghost hits you.
You die...

..............5......# ##...#
#.####.###.#####.##### #...##
.......# #.# #.# ##...#
.......# #.# #.# #5..#
.##....# #.### #.# ###...# #
#.#..###....##.########.#..##
##.#.......................##
##..<#.######.##.############
#......# #@# #......# #W###
#......# #5..# #....#.# ###.#
#.####.# #.# #. #.# #.# #.
#.# #.# .# #.# ##.##


You could see Anouleth's ghost and a friendly shadow imp.

Vanquished Creatures
  A steam dragon (D:5)
  A giant frog skeleton (D:4)
  An iguana (D:5)
  An adder (D:2)
  A giant gecko (D:1)
  An orc (D:3)
  2 ball pythons
  3 giant cockroaches
  3 goblins
  3 hobgoblins
  A quokka (D:3)
  A ball python skeleton (D:4)
  A bat (D:3)
  3 giant newts
  3 kobolds (D:3)
  3 rats
29 creatures vanquished.

Vanquished Creatures (collateral kills)
  Sigmund (D:4)
  A crimson imp (D:5)
  A centaur skeleton (D:4)
  2 orc priests (D:3)
  Ijyb (D:2)
  A hound (D:4)
  A worker ant (D:4)
  An orc wizard (D:3)
  A hound skeleton (D:5)
  4 adders
  2 shadow imps
  An adder skeleton (D:4)
  5 worms
  14 orcs (D:3)
  2 goblins
  3 hobgoblins
  2 bats (D:3)
  A giant cockroach (D:3)
  A giant newt (D:3)
  3 rats
48 creatures vanquished.

Grand Total: 77 creatures vanquished

Notes
Turn   | Place    | Note
--------------------------------------------------------------
     0 | D:1      | matakusis the High Elf Wizard began the quest for the Orb.
     0 | D:1      | Reached XP level 1. HP: 11/11 MP: 6/6
   808 | D:1      | Reached skill level 4 in Spellcasting
   808 | D:1      | Reached XP level 2. HP: 17/17 MP: 2/8
   862 | D:1      | Learned a level 2 spell: Blink
   865 | D:1      | Learned a level 2 spell: Call Imp
  1103 | D:2      | Found a shattered altar of Ashenzari.
  1135 | D:2      | Noticed Ijyb
  1149 | D:2      | Killed Ijyb
  1149 | D:2      | Reached skill level 1 in Summonings
  1149 | D:2      | Reached XP level 3. HP: 17/21 MP: 3/9
  1786 | D:3      | Reached XP level 4. HP: 21/27 MP: 3/11
  1811 | D:3      | Reached skill level 5 in Spellcasting
  2666 | D:3      | Reached XP level 5. HP: 22/31 MP: 9/13
  2720 | D:3      | Found a sacrificial altar of Ru.
  3169 | D:4      | Learned a level 3 spell: Mephitic Cloud
  3193 | D:4      | Noticed Anouleth's ghost (average MiFi)
  3334 | D:4      | Gained mutation: You are agile. (Dex +2) [potion of beneficial mutation]
  3391 | D:4      | Noticed Sigmund
  3455 | D:4      | Killed Sigmund
  3827 | D:4      | Found a sparkling altar of Nemelex Xobeh.
  3850 | D:4      | Reached XP level 6. HP: 18/36 MP: 12/15
  3852 | D:4      | Gained mutation: You tend to lose your temper in combat. [potion of mutation]
  3852 | D:4      | Gained mutation: You are somewhat resistant to further mutation. [potion of mutation]
  3853 | D:4      | Gained mutation: You are frail (-10% HP). [potion of mutation]
  3853 | D:4      | Gained mutation: Your system is resistant to poisons. [potion of mutation]
  4206 | D:4      | Reached skill level 6 in Spellcasting
  4418 | D:5      | Entered Level 5 of the Dungeon
  4456 | D:5      | Found an ancient bone altar of Kikubaaqudgha.
  4693 | D:5      | Noticed a steam dragon
  4794 | D:5      | Killed a steam dragon
  4932 | D:5      | HP: 1/32 [Anouleth's ghost (16)]
  4956 | D:5      | Slain by Anouleth's ghost

Vault maps used:
D:1:      dpeg_arrival_water_temple_mockup
D:2:      ashenzari_conservatory_becter, uniq_iyjb
D:3:      nicolae_ru_path_of_blood
D:4:      nemelex_deck, uniq_sigmund
D:5:      nicolae_overflow_hidden_temple, gup_ossuary_entry_pyramid,
          first_bread, eino_curves_02, fountainhead

Action                   |  1- 3 |  4- 6 || total
-------------------------+-------+-------++-------
Melee: Dagger            |    24 |    42 ||    66
 Cast: Magic Dart        |    25 |    35 ||    60
       Call Imp          |    21 |    99 ||   120
       Blink             |       |     2 ||     2
  Use: Scroll            |       |    24 ||    24
       Potion            |       |    10 ||    10
 Stab: Sleeping          |     5 |     4 ||     9
       Distracted        |       |     1 ||     1
  Eat: Chunk             |     2 |     6 ||     8
       Meat ration       |       |     1 ||     1
